AoeStats
← Rupi the wise

Arabia

510847931Analyzed
2v2 RM · 21h ago on Oct 2, 2026· 53m 41s· 4 players
Game mode
Random Map
Map size
Medium (4 player)
Population
200
Speed
Normal
Resources
Standard
Victory
Conquest
Starting age
Dark Age
Ending age
Imperial Age
RankedLock teamsTeams togetherTeam positionsShared explorationLock speedFull tech treeHidden civsTurbo modeCheats
Victory
Defeat
🇨🇴 Romans · Colombia
1008
+18
🇨🇴 Persians · Colombia
1007
+18
🇦🇷 Saxons · Argentina
1065
-19
🇦🇷 Franks · Argentina
1017
-17
JuanesAczino
7:04 Loom
9:59 Feudal Age
10:40 Double-Bit Axe
15:38 Wheelbarrow
18:07 Forging
20:55 Castle Age
20:27 Gold Mining
21:51 Bow Saw
21:23 Horse Collar
23:11 Padded Archer Armor
23:02 Fletching
23:18 Scale Barding Armor
23:50 Iron Casting
23:33 Town Watch
24:06 Hand Cart
23:48 Elite Skirmisher
24:58 Heavy Plow
26:15 Stone Mining
27:19 Bloodlines
28:52 Town Patrol
29:47 Thumb Ring
30:58 Husbandry
33:05 Gold Shaft Mining
32:52 Ballistics
32:43 Masonry
33:01 Leather Archer Armor
34:38 Stone Shaft Mining
34:13 Bodkin Arrow
35:45 Chain Barding Armor
35:37 Scale Mail Armor
39:36 Imperial Age
38:54 Chain Mail Armor
40:37 Conscription
40:02 Cavalier
41:18 Plate Barding Armor
41:47 Two-Man Saw
42:41 Blast Furnace
42:20 Savar
45:23 Chemistry
49:05 Ring Archer Armor
49:09 Architecture
48:44 Murder Holes
SA1TO
7:17 Loom
11:15 Feudal Age
11:43 Double-Bit Axe
11:41 Horse Collar
13:53 Wheelbarrow
14:50 Man-at-Arms
21:52 Castle Age
22:05 Gold Mining
22:09 Stone Mining
22:55 Scale Barding Armor
24:47 Bow Saw
24:48 Heavy Plow
26:14 Long Swordsman
28:14 Gold Shaft Mining
28:37 Hand Cart
28:55 Elite Skirmisher
33:46 Padded Archer Armor
33:37 Fletching
34:42 Chain Barding Armor
34:33 Forging
34:43 Leather Archer Armor
35:00 Ballistics
37:16 Imperial Age
36:03 Bodkin Arrow
36:51 Squires
37:16 Chain Barding Armor
37:32 Iron Casting
38:51 Conscription
39:18 Crop Rotation
39:56 Chemistry
39:31 Ring Archer Armor
39:37 Plate Barding Armor
39:58 Elite Centurion
41:08 Legionary
43:33 Comitatenses
45:53 Heavy Scorpion
47:47 Blast Furnace
51:07 Ballistas
ferrossi405
3:28 Loom
11:21 Feudal Age
16:38 Castle Age
15:11 Double-Bit Axe
15:08 Horse Collar
27:04 Wheelbarrow
26:15 Town Watch
31:37 Imperial Age
29:01 Crossbowman
29:36 Fletching
29:47 Padded Archer Armor
30:13 Bodkin Arrow
30:34 Town Patrol
31:09 Thumb Ring
31:58 Bow Saw
31:48 Arbalester
33:43 Ballistics
34:24 Chemistry
33:45 Man-at-Arms
34:26 Squires
34:12 Arson
34:43 Forging
34:33 Scale Mail Armor
34:39 Gambesons
35:42 Long Swordsman
38:05 Conscription
38:05 Leather Archer Armor
38:50 Two-Handed Swordsman
42:07 Pikeman
48:45 Bracer
Rupi the wise
11:26 Feudal Age
11:49 Loom
19:02 Castle Age
18:44 Wheelbarrow
24:00 Double-Bit Axe
30:35 Squires
31:44 Hand Cart
31:17 Pikeman
38:07 Gold Mining
42:47 Imperial Age
45:46 Husbandry
Connection lost

Rejoining the realm…

Still unreachable

The connection could not be restored.

Session expired

The server has moved on; the page needs a fresh start.